 Dungeon Crawl Stone Soup version 0.19.4-8-ga85b6b9 (webtiles) character file.

562 empire the Cutter (level 7, -3/60 HPs)
             Began as a Red Draconian Monk on Feb 13, 2017.
             Was a Believer of Sif Muna.
             Slain by a sky beast (6 damage)
             ... on level 4 of the Dungeon.
             The game lasted 00:10:44 (4101 turns).

empire the Cutter (Red Draconian Monk)              Turns: 4101, Time: 00:10:46

Health: -3/60      AC:  8    Str: 10 (13) XL:     7   Next: 10%
Magic:  11/11      EV: 13    Int:  7 (10) God:    Sif Muna [**....]
Gold:   240        SH:  0    Dex: 15 (16) Spells: 0 memorised, 11 levels left

rFire  . . .     SeeInvis .     b - +0 falchion
rCold  + . .     Gourm    .     (armour unavailable)
rNeg   . . .     Faith    .     (no shield)
rPois  .         Spirit   .     (helmet restricted)
rElec  .         Reflect  .     (no cloak)
rCorr  .         Harm     .     (no gloves)
MR     +....                    o - +1 pair of boots
Stlth  +++.......               (no amulet)
                                f - ring of protection from magic
                                k - ring of ice (curse)

@: no status effects
A: breathe fire, unfitting armour, fire resistance 1, cold-blooded, AC +6
a: Breathe Fire, Divine Energy, Renounce Religion


You were on level 4 of the Dungeon.
You worshipped Sif Muna.
Sif Muna was pleased with you.
You were very hungry.

You visited 1 branch of the dungeon, and saw 5 of its levels.

You collected 240 gold pieces.

Inventory:

Hand Weapons
 a - a +0 short sword
 b - a +0 falchion (weapon)
 t - a +0 mace of protection
 w - the +4 war axe of Waxackil {freeze, MR+}
   (You found it on level 4 of the Dungeon)

   It has been specially enchanted to freeze those struck by it, causing extra
   injury to most foes and up to half again as much damage against particularly
   susceptible opponents.
   It can also slow down cold-blooded creatures.
   It affects your resistance to hostile enchantments.
Armour
 o - a +1 pair of boots (worn)
Jewellery
 f - a ring of protection from magic (right hand)
 g - an uncursed ring of wizardry
 k - a cursed ring of ice (left hand)
Scrolls
 c - 4 scrolls of identify
 p - 2 scrolls of teleportation
Potions
 e - a potion of might {unknown}
 j - 2 potions of heal wounds
 q - a potion of flight
Comestibles
 i - a meat ration
 s - 7 bread rations


   Skills:
 + Level 4.4 Fighting
 + Level 5.1 Short Blades
 + Level 3.3 Dodging
 + Level 4.2 Stealth
 + Level 2.7 Spellcasting


You had 11 spell levels left.
You didn't know any spells.

Dungeon Overview and Level Annotations

Branches:
Dungeon (5/15)             Temple (0/1) D:5

Altars:
Elyvilon
Sif Muna
Vehumet
The Shining One

Shops:
D:4 (

Annotations:
D:5 Zorot's ghost, novice VSFi


Innate Abilities, Weirdness & Mutations

You can breathe blasts of fire.
Your fiery red scales are hard. (AC +6)
You cannot fit into any form of body armour.
Your flesh is heat resistant. (rF+)
You are cold-blooded and may be slowed by cold attacks.


Message History

Something hits you. Something shocks you.
You barely miss something. Something hits you. Something shocks you.
You barely miss something. Something hits you. Something shocks you.
You hit something. Something hits you. Something shocks you.
You closely miss something. Something hits you but does no damage.
You closely miss something. You tail-slap something. Something hits you.
Something shocks you.
You hit something but do no damage.
Your tail-slap misses something.
Something hits you.
* * * LOW HITPOINT WARNING * * *
Something shocks you.
* * * LOW HITPOINT WARNING * * *
You hit something. Something hits you.
* * * LOW HITPOINT WARNING * * *
Something shocks you.
* * * LOW HITPOINT WARNING * * *
Something hits you.
* * * LOW HITPOINT WARNING * * *
Something shocks you.
You die...

######### #.......# ####
#.......# #..# #......>#
#.## #.......###.#
#......{##..# ##
#......@##.## ##.
#.......##.# ##..
#.......##.# ####..#
#.......##.#######......
#####............#......
###....#####<#......
###..#####........
#..#............
#..#.#######....


There were no monsters in sight!

Vanquished Creatures
  A phantom (D:4)
  An ogre (D:5)
  A crimson imp (D:5)
  A hound (D:4)
  A bullfrog skeleton (D:3)
  An orc wizard (D:3)
  Jessica (D:2)
  2 worker ants (D:4)
  6 adders
  An ooze (D:4)
  An adder skeleton (D:4)
  3 worms
  A dart slug (D:5)
  2 leopard geckos (D:3)
  13 orcs
  8 giant cockroaches
  9 goblins
  10 hobgoblins
  17 jackals
  4 kobolds
  4 quokkas
  2 ball pythons (D:2)
  7 bats
  10 frilled lizards
  6 rats
113 creatures vanquished.

Notes
Turn   | Place    | Note
-------+----------+-------------------------------------------
     0 | D:1      | empire the Draconian Monk began the quest for the Orb.
     0 | D:1      | Reached XP level 1. HP: 19/19 MP: 1/1
    93 | D:1      | Reached XP level 2. HP: 25/26 MP: 2/2
   683 | D:2      | Found a faded altar of an unknown god.
   762 | D:2      | Found a deep blue altar of Sif Muna.
   765 | D:2      | Became a worshipper of Sif Muna the Loreminder
   765 | D:2      | Reached * piety under Sif Muna
   765 | D:2      | Reached ** piety under Sif Muna
   838 | D:2      | Reached XP level 3. HP: 31/31 MP: 3/3
  1511 | D:2      | Noticed Jessica
  1530 | D:2      | Killed Jessica
  1530 | D:2      | Reached skill level 4 in Short Blades
  1530 | D:2      | Reached skill level 1 in Spellcasting
  1530 | D:2      | Reached XP level 4. HP: 23/38 MP: 5/5
  1964 | D:3      | Reached XP level 5. HP: 42/45 MP: 7/7
  2759 | D:3      | Found a radiant altar of Vehumet.
  3050 | D:4      | Reached XP level 6. HP: 37/52 MP: 9/9
  3336 | D:4      | Found a glowing golden altar of the Shining One.
  3351 | D:4      | Got a fine war axe
  3414 | D:4      | Reached skill level 5 in Short Blades
  3661 | D:4      | Found a white marble altar of Elyvilon.
  3698 | D:4      | Found Naoxoc's Weapon Emporium.
  3720 | D:5      | Entered Level 5 of the Dungeon
  3916 | D:5      | Identified the +4 war axe of Waxackil {freeze, MR+} (You found it on level 4 of the Dungeon)
  3957 | D:5      | Your scales start taking on a fiery red colour.
  3957 | D:5      | Reached XP level 7. HP: 39/60 MP: 9/11
  3957 | D:5      | Gained mutation: Your flesh is heat resistant. (rF+) [Red Draconian growth]
  4073 | D:5      | Noticed Zorot's ghost (novice VSFi)
  4101 | D:4      | HP: 3/60 [something (3)]
  4101 | D:4      | Slain by a sky beast

Skill      XL: |  1  2  3  4  5  6 |
---------------+-------------------+-----
Stealth        | 2 3 4 |  4.2
Short Blades   | 4 5 |  5.1
Spellcasting   | 1 2 |  2.7
Fighting       | 4 |  4.4
Dodging        | 3 |  3.3

Action                   |  1- 3 |  4- 6 |  7- 9 || total
-------------------------+-------+-------+-------++-------
Melee: Short sword       |   116 |   211 |       ||   327
       Tailslap          |    12 |    55 |     3 ||    70
       Falchion          |       |   106 |    16 ||   122
 Abil: Breathe Fire      |       |       |     1 ||     1
  Use: Potion            |     3 |     7 |       ||    10
       Scroll            |       |    10 |       ||    10
 Stab: Sleeping          |     6 |    12 |       ||    18
       Invisible         |       |     3 |       ||     3
       Distracted        |       |     1 |       ||     1
  Eat: Chunk             |     2 |     8 |       ||    10
Armor: Skin              |    32 |   101 |     7 ||   140
Dodge: Dodged            |    92 |   223 |     5 ||   320
       Rpst.: Falchion   |       |    30 |     1 ||    31
